 Dungeon Crawl Stone Soup version 0.23-b1 (webtiles) character file.

Game seed: 12798365839931900591

170032 Kohma the Hoplite (level 17, -2/146 HPs)
             Began as a Minotaur Fighter on Jan 30, 2019.
             Was the Champion of Okawaru.
             Slain by an emperor scorpion (17 damage)
             ... on level 4 of the Spider Nest.
             The game lasted 01:58:04 (38647 turns).

Kohma the Hoplite (Minotaur Fighter)               Turns: 38647, Time: 01:58:05

Health: -2/146     AC: 32    Str: 32 (33) XL:     17   Next: 11%
Magic:  1/19       EV: 14    Int:  6      God:    Okawaru [******]
Gold:   2583       SH: 28    Dex: 22 (23) Spells: 16/16 levels left

rFire    + . .     SeeInvis .   y - +7 scimitar "Ucrodov" {flame, rC- MR+ Dex+6}
rCold    + + .     Gourm    .   z - +0 large shield
rNeg     . . .     Faith    .   g - +13 chain mail "Bimepir" {Dex+4}
rPois    .         Spirit   .   O - +1 hat {MR+}
rElec    +         Reflect  .   Z - scarf {rC+ rF+}
rCorr    .         Harm     .   S - +1 pair of gloves of Gohuobb {rC+ Str+4}
MR       +++..                  E - +1 pair of boots {Fly}
Stlth    ..........             P - amulet of Summer {Acrobat rC+}
HPRegen  0.34/turn              s - +3 ring of slaying
MPRegen  0.16/turn              N - ring "Kifrot" {rElec Str+4 Int+3}

@: lethally poisoned (-2 -> -9)
A: retaliatory headbutt, horns 2, dopey 1
}: 1/15 runes: gossamer
a: Heroism, Finesse, Renounce Religion, Evoke Flight


You were on level 4 of the Spider Nest.
You worshipped Okawaru.
Okawaru was exalted by your worship.
You were not hungry.

You visited 5 branches of the dungeon, and saw 28 of its levels.
You also visited: Ossuary, Bailey and Gauntlet.

You collected 3067 gold pieces.
You spent 484 gold pieces at shops.

Inventory:

Hand Weapons
 y - the +7 scimitar "Ucrodov" (weapon) {flame, rC- MR+ Dex+6}
   (You acquired it on level 6 of the Dungeon)

   It has been specially enchanted to burn those struck by it, causing extra
   injury to most foes and up to half again as much damage against particularly
   susceptible opponents.
   Big, fiery blades are also staple armaments of hydra-hunters.
   It affects your dexterity (+6).
   It makes you vulnerable to cold.
   It affects your resistance to hostile enchantments.
Missiles
 b - 8 poisoned javelins (quivered)
 m - 24 javelins
Armour
 g - the +13 chain mail "Bimepir" (worn) {Dex+4}
   (You found it in a bailey)

   It affects your dexterity (+4).
 z - a +0 large shield (worn)
 E - a +1 pair of boots of flying (worn)
 O - a +1 hat of magic resistance (worn)
 R - a scarf of cloud immunity
 S - the +1 pair of gloves of Gohuobb (worn) {rC+ Str+4}
   (Okawaru gifted it to you on level 13 of the Dungeon)

   It affects your strength (+4).
   It protects you from cold.
 Z - a scarf of resistance (worn)
Jewellery
 s - a +3 ring of slaying (left hand)
 L - a +6 ring of intelligence
 N - the ring "Kifrot" (right hand) {rElec Str+4 Int+3}
   (You found it on level 6 of the Lair of Beasts)

   [ring of intelligence]

   It affects your strength (+4).
   It affects your intelligence (+3).
   It insulates you from electricity.
 P - the amulet of Summer (around neck) {Acrobat rC+}
   (You found it in a Gauntlet)

   [amulet of the acrobat]

   It helps you evade while moving and waiting.
   It protects you from cold.
Wands
 e - a wand of disintegration (29)
 o - a wand of paralysis (17)
 w - a wand of flame (23)
 G - a wand of enslavement (23)
 J - a wand of acid (13)
 K - a wand of digging (20)
 M - a wand of iceblast (24)
 Q - a wand of polymorph (35)
Scrolls
 a - 3 scrolls of magic mapping
 c - a scroll of brand weapon
 k - 11 scrolls of remove curse
 l - 18 scrolls of teleportation
 t - 5 scrolls of enchant weapon
 A - 3 scrolls of fog
 C - a scroll of fear
 F - 3 scrolls of enchant armour
 I - a scroll of blinking
 T - a scroll of identify
 W - 2 scrolls of holy word
Potions
 d - 6 potions of might
 h - 4 potions of brilliance
 i - 4 potions of agility
 j - 9 potions of curing
 n - a potion of invisibility
 r - 3 potions of cancellation
 u - 2 potions of mutation
 x - a potion of heal wounds
 B - 4 potions of magic
 D - a potion of berserk rage
 V - 3 potions of resistance
 Y - a potion of haste
Miscellaneous
 p - a fan of gales
 v - a lamp of fire
 H - a box of beasts
 X - 2 phantom mirrors
Comestibles
 f - 37 rations


   Skills:
 + Level 11.6 Fighting
 - Level 14.0 Long Blades
 - Level 1.0 Throwing
 + Level 13.4 Armour
 + Level 6.1 Dodging
 - Level 0.4 Stealth
 - Level 25.0 Shields
 - Level 5.0 Invocations
 - Level 5.0 Evocations


You had 16 spell levels left.
You didn't know any spells.
Your spell library contained the following spells:

 Spells                   Type           Power        Failure   Level  Hunger
 Confusing Touch          Hex            #.....       85%         1    ##.....
 Infusion                 Chrm           #...         85%         1    ##.....
 Magic Dart               Conj           #...         85%         1    ##.....
 Sandblast                Erth           #.....       85%         1    ##.....
 Shock                    Conj/Air       #...         85%         1    ##.....
 Sting                    Conj/Pois      #...         85%         1    ##.....
 Blink                    Tloc           N/A          94%         2    ###....
 Passwall                 Tmut/Erth      #.......     94%         2    ###....
 Poisonous Vapours        Pois/Air       #.....       94%         2    ###....
 Searing Ray              Conj           #.....       94%         2    ###....
 Shroud of Golubria       Chrm/Tloc      #.........   94%         2    ###....
 Song of Slaying          Chrm           #.......     94%         2    ###....
 Swiftness                Chrm/Air       #.......     94%         2    ###....
 Confuse                  Hex            #.......     99%         3    ####...
 Dazzling Spray           Conj/Hex       #.....       99%         3    ####...
 Gell's Gravitas          Tloc           #.........   99%         3    ####...
 Lesser Beckoning         Tloc           #.........   99%         3    ####...
 Mephitic Cloud           Conj/Pois/Air  #.......     99%         3    ####...
 Regeneration             Chrm/Necr      #.........   99%         3    ####...
 Spectral Weapon          Hex/Chrm       #.......     99%         3    ####...
 Static Discharge         Conj/Air       #.......     99%         3    ####...
 Stone Arrow              Conj/Erth      #.....       99%         3    ####...
 Teleport Other           Tloc           #.......     99%         3    ####...
 Airstrike                Air            #.........   100%        4    #####..
 Force Lance              Conj/Tloc      #.......     100%        4    #####..
 Fulminant Prism          Conj/Hex       #.........   100%        4    #####..
 Iskenderun's Mystic Bla  Conj           #.......     100%        4    #####..
 Olgreb's Toxic Radiance  Pois           #.......     100%        4    #####..
 Passage of Golubria      Tloc           N/A          100%        4    #####..
 Petrify                  Tmut/Erth      #.......     100%        4    #####..
 Lee's Rapid Deconstruct  Erth           #.........   100%        5    ######.
 Lightning Bolt           Conj/Air       #.........   100%        5    ######.
 Metabolic Englaciation   Hex/Ice        #.........   100%        5    ######.
 Venom Bolt               Conj/Pois      #.........   100%        5    ######.
 Yara's Violent Unravell  Hex/Tmut       #.........   100%        5    ######.


Dungeon Overview and Level Annotations

Branches:
Dungeon (15/15)            Temple (1/1) D:5            Lair (6/6) D:10
 Shoals (0/4) Lair:4       Spider (4/4) Lair:3        Slime (0/5) Lair:5
    Orc (2/2) D:11            Elf (0/3) Orc:2        Vaults (0/5) D:14
 Depths (0/5) D:15

Altars:
Ashenzari
Cheibriados
Dithmenos
Elyvilon
Fedhas
Gozag
Hepliaklqana
Kikubaaqudgha
Makhleb
Nemelex Xobeh
Okawaru
Qazlal
Ru
Sif Muna
Trog
Uskayaw
Vehumet
Wu Jian
Xom
Yredelemnul
Zin
The Shining One
Beogh
Jiyva

Shops:
D:13 }   Orc:2 *?*:

Annotations:
D:2 Grinder
D:6 3 runed translucent doors, exclusion: 3 doors, rumpelstilzz's ghost, novice TrAM; unleashdesigns's ghost, novice DEIE
D:11 1 runed translucent door, Tinttamiau's ghost, novice DgIE


Innate Abilities, Weirdness & Mutations

You reflexively headbutt those who attack you in melee.
You have a pair of horns on your head.
You are dopey. (Int -2)


Message History

Press } to see all the runes you have collected.
You feel sick.
The tarantella hisses angrily.
The moth of wrath goads the tarantella on!
The tarantella goes berserk!
The moth of wrath goads the emperor scorpion on!
The emperor scorpion goes berserk!
You block the redback's attack.
As you read the scroll of fear, it crumbles to dust.
You assume a fearsome visage.
The jumping spider looks frightened!
The emperor scorpion looks frightened!
The jumping spider looks frightened!
The tarantella looks frightened!
The redback looks frightened!
The moth of wrath looks frightened!
You feel sick. You block the tarantella's attack.
You hear an angry hiss.
The jumping spider leaps!
You block the emperor scorpion's attack.
The emperor scorpion claws you.
* * * LOW HITPOINT WARNING * * *
The emperor scorpion claws you!
You die...

..### ^^.^.##
....^^^##
........##
.........##
.........^#
.......s..#
..°.....s^#
..s....s.@#
.......ss^# ...
........y^#
..##≈......?$##
####.^^.°......##
?...^.s.^.^..^##
.......s.^^.##
..^.....^.##
.........^#


You could see 2 emperor scorpions, a moth of wrath (fleeing), a jumping spider
(fleeing), 2 tarantellas and a redback (fleeing).

Vanquished Creatures
  Arachne (Spider:3)
  Asterion (Spider:4)
  Gastronok (D:11)
  Kirke (D:12)
  A ghost moth (Spider:4)
  2 emperor scorpions
  8 entropy weavers
  The ghost of Feguytzu the Basher, a journeyman GrMo of Gozag (Spider:2)
  A minotaur (Gauntlet)
  An ettin (D:15)
  Snorg (Lair:4)
  4 hydras
  4 ghost crabs (Lair:5)
  3 vault guards (D:14)
  Erica (D:11)
  4 centaur warriors
  Fannar (D:11)
  A catoblepas (Lair:6)
  A queen ant (Lair:6)
  10 death yaks
  4 two-headed ogres
  6 fire crabs (Lair:5)
  2 slime creatures (D:13)
  4 skeletal warriors (D:14)
  3 wizards
  A deep elf archer (D:15)
  An unseen horror (D:14)
  A lindwurm (shapeshifter) (D:14)
  15 orc knights
  A lindwurm (Lair:6)
  2 necromancers (D:14)
  5 ugly things (D:14)
  12 orb spiders
  4 orc sorcerers
  24 wolf spiders
  A manticore (D:13)
  A deep elf mage (D:14)
  4 cyclopes
  A moth of wrath (Spider:1)
  2 oklob plants
  11 elephants
  3 black mambas
  A torpor snail (Spider:1)
  An apocalypse crab (Lair:5)
  2 centaur zombies
  6 spiny frogs
  3 gargoyles
  10 demonic crawlers
  3 rime drakes
  6 komodo dragons
  A yaktaur (D:15)
  A queen bee (Spider:3)
  7 trolls
  2 merfolk (Lair:4)
  4 polar bears (Lair:6)
  21 jumping spiders
  3 meliai (Spider:3)
  A wolf spider simulacrum (Lair:4)
  12 hornets
  3 raiju (Gauntlet)
  Prince Ribbit (D:6)
  A dream sheep (Lair:6)
  10 blink frogs
  6 hippogriffs
  A meliai zombie (D:14)
  2 centaur simulacra
  8 spriggans (Lair:6)
  6 shadows
  73 redbacks
  A wraith (D:14)
  A vampire (D:15)
  20 tarantellas
  5 wyverns
  3 hogs (D:12)
  17 yaks
  2 steam dragons (Gauntlet)
  19 humans
  2 hungry ghosts
  Menkaure (D:4)
  25 soldier ants (Lair:6)
  9 wargs
  An acid dragon (D:15)
  A hydra simulacrum (Lair:4)
  13 water moccasins
  5 porcupines
  42 orc warriors
  4 sky beasts
  22 wolves
  A necrophage (D:6)
  7 black bears
  3 eyes of draining
  5 ice beasts
  6 phantoms
  9 ogres
  3 boggarts (Lair:6)
  11 centaurs
  12 crocodiles
  4 big kobolds
  13 bullfrogs
  2 water moccasin zombies (Ossuary)
  2 wyvern skeletons
  4 scorpions
  22 killer bees
  5 electric eels
  6 howler monkeys
  5 wights (D:9)
  3 crimson imps
  A bullfrog zombie (D:5)
  A komodo dragon simulacrum (Lair:4)
  10 hounds
  3 jellies
  10 orc priests
  2 centaur skeletons
  3 bullfrog skeletons
  15 orc wizards
  7 iguanas
  20 worker ants
  Natasha (thrice) (D:3)
  A lightning spire (Gauntlet)
  4 big kobold zombies (Ossuary)
  A hound zombie (D:8)
  A hound skeleton (D:11)
  2 mummies (Ossuary)
  2 worker ant zombies
  2 howler monkey zombies (D:5)
  13 adders
  A crocodile simulacrum (Lair:4)
  5 shadow imps
  3 oozes
  3 adder skeletons
  3 adder zombies (Ossuary)
  2 worms
  3 dart slugs
  6 leopard geckos
  77 orcs
  6 bats
  7 giant cockroaches
  10 goblins
  6 hobgoblins
  12 jackals
  26 kobolds
  8 quokkas
  6 frilled lizards
  A gnoll zombie (Ossuary)
  5 hobgoblin zombies (Ossuary)
  A jackal zombie (D:5)
  6 kobold zombies (Ossuary)
  4 orc zombies (Ossuary)
  6 rats
  A spectral orc (D:7)
  A fungus (Lair:3)
  5 plants
982 creatures vanquished.

Vanquished Creatures (collateral kills)
  An oklob plant (Lair:5)
  A hornet (Lair:6)
  3 spriggans (Lair:6)
  3 soldier ants (Lair:6)
  A boggart (Lair:6)
  A wolf (Lair:6)
  A worker ant (Lair:6)
11 creatures vanquished.

Vanquished Creatures (others)
  An entropy weaver (Lair:5)
  An orb spider (Spider:2)
  A wolf spider (Spider:2)
  A jumping spider (Spider:4)
  A hornet (Spider:4)
  A tarantella (Spider:2)
  2 redbacks (Spider:2)
  An electric eel (D:10)
  An orc wizard (D:5)
  An adder skeleton (D:5)
  2 orcs
  3 kobolds
  14 fungi
  8 plants
  2 withered plants (D:6)
40 creatures vanquished.

Grand Total: 1033 creatures vanquished

Notes
Turn   | Place    | Note
-------+----------+-------------------------------------------
     0 | D:1      | Kohma the Minotaur Fighter began the quest for the Orb.
     0 | D:1      | Reached XP level 1. HP: 19/19 MP: 0/0
   122 | D:1      | Reached XP level 2. HP: 26/26 MP: 1/1
   578 | D:2      | Reached XP level 3. HP: 22/31 MP: 2/2
   806 | D:2      | Found a hide-covered altar of Uskayaw.
   806 | D:2      | Found a shadowy altar of Dithmenos.
   813 | D:2      | Found an ancient bone altar of Kikubaaqudgha.
   813 | D:2      | Found a burning altar of Makhleb.
   814 | D:2      | Found an ornate altar of the Wu Jian Council.
   819 | D:2      | Found a sacrificial altar of Ru.
   821 | D:2      | Found a hazy altar of Hepliaklqana.
   975 | D:2      | Reached XP level 4. HP: 39/39 MP: 3/3
  1466 | D:3      | Reached skill level 5 in Long Blades
  1633 | D:3      | Reached skill level 1 in Dodging
  1755 | D:3      | Noticed Grinder
  1756 | D:3      | Paralysed by Grinder for 2 turns
  1767 | D:3      | Paralysed by Grinder for 2 turns
  2190 | D:3      | Found an opulent altar of Gozag.
  2203 | D:3      | Noticed Natasha
  2207 | D:3      | Reached XP level 5. HP: 45/45 MP: 4/4
  2210 | D:3      | Killed Natasha
  2375 | D:3      | Noticed Natasha
  2379 | D:3      | Killed Natasha
  2853 | D:3      | Found an opulent altar of Gozag.
  2940 | D:3      | Noticed Natasha
  3434 | D:4      | Reached XP level 6. HP: 51/51 MP: 5/5
  3461 | D:4      | Found a radiant altar of Vehumet.
  4135 | D:4      | Reached XP level 7. HP: 9/57 MP: 6/6
  4152 | D:4      | Noticed Menkaure
  4503 | D:4      | Killed Menkaure
  4503 | D:4      | Reached skill level 4 in Shields
  4816 | D:5      | Entered Level 5 of the Dungeon
  5182 | D:3      | Killed Natasha
  5691 | D:5      | Found a shimmering altar of Xom.
  5724 | D:5      | Reached skill level 5 in Shields
  5884 | D:5      | Reached XP level 8. HP: 55/64 MP: 7/7
  5896 | D:5      | Reached skill level 10 in Long Blades
  6022 | D:5      | Found a staircase to the Ecumenical Temple.
  6030 | Temple   | Entered the Ecumenical Temple
  6101 | Temple   | Became a worshipper of Warmaster Okawaru
  6498 | D:6      | Reached skill level 6 in Shields
  6780 | D:6      | Found a sand-covered staircase.
  6786 | Ossuary  | Entered an ossuary
  6884 | Ossuary  | Reached skill level 7 in Shields
  6892 | Ossuary  | Reached * piety under Okawaru
  6977 | D:6      | Identified a scroll of acquirement
  6978 | D:6      | Got a smoking scimitar
  6979 | D:6      | Identified the +7 scimitar "Ucrodov" {flame, rC- MR+ Dex+6}
                  | (You acquired it on level 6 of the Dungeon)
  7071 | D:6      | Reached XP level 9. HP: 35/68 MP: 8/8
  7226 | D:6      | Noticed Prince Ribbit
  7233 | D:6      | Killed Prince Ribbit
  7233 | D:6      | Reached skill level 1 in Invocations
  7377 | D:6      | Found a runed translucent gate.
  7378 | D:6      | Found a runed translucent gate.
  7383 | D:6      | Found a runed translucent gate.
  7384 | D:6      | Noticed unleashdesigns's ghost (novice DEIE)
  7385 | D:6      | Noticed rumpelstilzz's ghost (novice TrAM)
  7844 | D:7      | Reached skill level 8 in Shields
  7927 | D:7      | Found a basalt altar of Yredelemnul.
  8043 | D:7      | Reached ** piety under Okawaru
  9470 | D:8      | Reached *** piety under Okawaru
  9470 | D:8      | Reached XP level 10. HP: 68/75 MP: 10/12
  9741 | D:8      | Reached skill level 1 in Throwing
  9950 | D:8      | Reached skill level 9 in Shields
 10780 | D:9      | Reached **** piety under Okawaru
 10781 | D:9      | Reached skill level 5 in Invocations
 11293 | D:10     | Entered Level 10 of the Dungeon
 11385 | D:10     | Reached skill level 10 in Shields
 11655 | D:10     | Found a staircase to the Lair.
 11679 | D:10     | Reached skill level 1 in Evocations
 12620 | D:10     | Reached skill level 5 in Armour
 12716 | D:10     | Noticed a gargoyle
 12724 | D:10     | Killed a gargoyle
 13280 | D:11     | Found a gate leading to a gauntlet.
 13280 | D:11     | Noticed Erica
 13280 | D:11     | Noticed Fannar
 13297 | D:11     | Killed Fannar
 13297 | D:11     | Reached ***** piety under Okawaru
 13297 | D:11     | Reached skill level 5 in Fighting
 13307 | D:11     | Killed Erica
 13307 | D:11     | Reached skill level 11 in Shields
 13307 | D:11     | Reached XP level 11. HP: 76/86 MP: 13/13
 13318 | D:11     | Received a gift from Okawaru
 13370 | D:11     | Found a runed translucent door.
 13398 | Gauntlet | Entered a Gauntlet
 13398 | Gauntlet | Found a transporter.
 13398 | Gauntlet | Found a transporter.
 13398 | Gauntlet | Found a transporter.
 13404 | Gauntlet | Found a transporter.
 13405 | Gauntlet | Found a transporter.
 13408 | Gauntlet | Found a transporter.
 13418 | Gauntlet | Found a transporter.
 13420 | Gauntlet | Found a transporter.
 13421 | Gauntlet | Found a transporter.
 13423 | Gauntlet | Found a transporter.
 13425 | Gauntlet | Noticed a seven-headed hydra
 13435 | Gauntlet | Found a transporter.
 13435 | Gauntlet | Found a transporter.
 14264 | Gauntlet | Got a bound platinum amulet
 14267 | Gauntlet | Identified the amulet of Summer {Acrobat rC+} (You found it
                  | in a Gauntlet)
 14313 | Gauntlet | Noticed a minotaur
 14324 | Gauntlet | Killed a minotaur
 14518 | D:11     | Noticed a five-headed hydra
 14544 | D:10     | Killed a one-headed hydra
 14544 | D:10     | Reached skill level 12 in Shields
 14827 | D:11     | Found a radiant altar of Vehumet.
 15323 | D:11     | Noticed Gastronok
 15340 | D:11     | Killed Gastronok
 15340 | D:11     | Received a gift from Okawaru
 15584 | D:11     | Found a staircase to the Orcish Mines.
 15851 | D:11     | Noticed Tinttamiau's ghost (novice DgIE)
 15923 | Lair:1   | Entered Level 1 of the Lair of Beasts
 16112 | Lair:1   | Reached skill level 13 in Shields
 16112 | Lair:1   | Reached XP level 12. HP: 97/98 MP: 14/14
 16408 | Lair:1   | Reached skill level 5 in Evocations
 17548 | Lair:3   | Found a hole to the Spider Nest.
 18349 | Lair:4   | Found a transporter.
 18670 | Lair:4   | Found a transporter.
 18754 | Lair:4   | Found a staircase to the Shoals.
 18938 | Lair:4   | Noticed Snorg
 18947 | Lair:4   | Killed Snorg
 18947 | Lair:4   | Reached skill level 14 in Shields
 19006 | Lair:4   | Got a slimy chain mail
 19037 | Lair:4   | Identified the +5 chain mail of the Abyss {rC+ rN+ MP-9}
                  | (You found it on level 4 of the Lair of Beasts)
 19445 | Lair:4   | Got a scorched cloak
 19456 | Lair:4   | Identified the +1 cloak of the Peculiar People {rF+} (You
                  | found it on level 4 of the Lair of Beasts)
 19647 | Lair:5   | Found a staircase to the Slime Pits.
 19647 | Lair:5   | Found a viscous altar of Jiyva.
 19708 | Lair:5   | Received a gift from Okawaru
 19743 | Lair:5   | Found a runed translucent door.
 19933 | Lair:5   | Noticed an entropy weaver
 19937 | Lair:5   | Reached skill level 15 in Shields
 19943 | Lair:5   | Killed an entropy weaver
 19943 | Lair:5   | Reached skill level 10 in Armour
 19986 | Lair:5   | Reached XP level 13. HP: 105/110 MP: 15/15
 19994 | Lair:5   | Reached ****** piety under Okawaru
 20000 | Lair:5   | Noticed an entropy weaver
 20013 | Lair:5   | Killed an entropy weaver
 20013 | Lair:5   | Received a gift from Okawaru
 20014 | Lair:5   | Got a turquoise-studded ring mail {god gift}
 20026 | Lair:5   | Identified the +4 ring mail of Jietas Vuss {-Tele Int+5
                  | SInv} (Okawaru gifted it to you on level 5 of the Lair of
                  | Beasts)
 20088 | Lair:5   | Reached skill level 10 in Fighting
 20836 | Lair:5   | Reached skill level 16 in Shields
 20984 | Lair:5   | Noticed an entropy weaver
 20998 | Lair:5   | Killed an entropy weaver
 21328 | Lair:5   | Noticed an entropy weaver
 21343 | Lair:5   | Killed an entropy weaver
 21774 | Lair:6   | Entered Level 6 of the Lair of Beasts
 21823 | Lair:5   | Reached skill level 17 in Shields
 22109 | Lair:6   | Received a gift from Okawaru
 22901 | Lair:5   | Reached XP level 14. HP: 41/121 MP: 16/16
 22911 | Lair:5   | Reached skill level 18 in Shields
 23754 | Lair:6   | Noticed an entropy weaver
 23761 | Lair:6   | Noticed an entropy weaver
 23769 | Lair:6   | Killed an entropy weaver
 23769 | Lair:6   | Received a gift from Okawaru
 23782 | Lair:6   | Killed an entropy weaver
 23791 | Lair:6   | Reached skill level 19 in Shields
 24703 | Lair:6   | Got a scorched tin ring
 24707 | Lair:6   | Identified the ring "Kifrot" {rElec Str+4 Int+3} (You found
                  | it on level 6 of the Lair of Beasts)
 25314 | D:12     | Noticed Kirke
 25317 | D:12     | Reached skill level 20 in Shields
 25336 | D:12     | Killed Kirke
 26026 | D:13     | Received a gift from Okawaru
 26040 | D:13     | Got a pair of fine gloves {god gift}
 26051 | D:13     | Identified the +1 pair of gloves of Gohuobb {rC+ Str+4}
                  | (Okawaru gifted it to you on level 13 of the Dungeon)
 26213 | D:13     | Found Tomew's Gadget Boutique.
 26223 | D:13     | Bought a wand of digging (6) for 260 gold pieces
 26582 | D:13     | Found a flagged portal.
 26592 | Bailey   | Entered a bailey
 26636 | Bailey   | Reached skill level 21 in Shields
 26645 | Bailey   | Reached XP level 15. HP: 29/126 MP: 8/17
 26960 | Bailey   | Got a smoking chain mail
 26975 | Bailey   | Identified the +13 chain mail "Bimepir" {Dex+4} (You found
                  | it in a bailey)
 27447 | Orc:1    | Entered Level 1 of the Orcish Mines
 27694 | Orc:2    | Entered Level 2 of the Orcish Mines
 27845 | Orc:2    | Found Suturr's Assorted Antiques.
 27921 | Orc:2    | Found Engyompu's Magic Scroll Shop.
 27974 | Orc:2    | Bought a scroll labeled IVVEGYSTEINY for 25 gold pieces
 28003 | Orc:2    | Bought a scroll of identify for 26 gold pieces
 28003 | Orc:2    | Bought a scroll of identify for 26 gold pieces
 28003 | Orc:2    | Bought 2 scrolls of teleportation for 78 gold pieces
 28003 | Orc:2    | Bought a scroll of teleportation for 39 gold pieces
 28142 | Orc:2    | Found a roughly hewn altar of Beogh.
 28212 | Orc:2    | Found Meusadwo's General Store.
 28212 | Orc:2    | Found Bocrim's Book Shop.
 28239 | Orc:2    | Bought a scroll of identify for 30 gold pieces
 28421 | Orc:2    | Found a staircase to the Elven Halls.
 28630 | Orc:1    | Reached skill level 22 in Shields
 29007 | D:14     | Found a blossoming altar of Fedhas.
 29106 | D:14     | Received a gift from Okawaru
 29130 | D:14     | Received a gift from Okawaru
 29592 | D:14     | Got a warped scimitar
 29651 | D:14     | Found a gate to the Vaults.
 29693 | D:14     | Reached skill level 23 in Shields
 30276 | D:15     | Entered Level 15 of the Dungeon
 30397 | D:15     | Found a staircase to the Depths.
 30527 | D:15     | Found an iron altar of Okawaru.
 30847 | D:15     | Identified the cursed +1 scimitar of Zin's Anger
                  | {antimagic, rF+ rN+} (You found it on level 14 of the
                  | Dungeon)
 31194 | Spider:1 | Entered Level 1 of the Spider Nest
 31195 | Spider:1 | Reached XP level 16. HP: 134/134 MP: 18/18
 31370 | Spider:1 | Received a gift from Okawaru
 31927 | Spider:1 | Reached skill level 24 in Shields
 34748 | Spider:2 | Reached skill level 25 in Shields
 34806 | Spider:2 | HP: 1/134 [disintegration (38)]
 34816 | Spider:1 | HP: 6/134 [poisoned by a wolf spider]
 34822 | Spider:1 | HP: 4/134 [poisoned by a wolf spider]
 34827 | Spider:1 | HP: 4/134 [poisoned by a wolf spider]
 34834 | Spider:1 | HP: 4/134 [poisoned by a wolf spider]
 34842 | Spider:1 | HP: 4/134 [poisoned by a wolf spider]
 35289 | Spider:2 | Paralysed by a hornet for 1 turns
 35560 | Spider:2 | Received a gift from Okawaru
 35639 | Spider:2 | Found a runed translucent door.
 35640 | Spider:2 | Noticed Feguytzu's ghost (journeyman GrMo)
 35661 | Spider:2 | Killed Feguytzu's ghost
 35719 | Spider:1 | Got a warped chain mail {god gift}
 35730 | Spider:1 | Identified the +8 chain mail of the Pink Corner {Stlth+}
                  | (Okawaru gifted it to you on level 1 of the Spider Nest)
 36077 | Spider:3 | Noticed Arachne
 36436 | Spider:3 | Killed Arachne
 37358 | Spider:4 | Entered Level 4 of the Spider Nest
 37525 | Spider:3 | Reached skill level 5 in Dodging
 38083 | Spider:4 | Noticed Asterion
 38098 | Spider:4 | Gained mutation: You are dopey. (Int -2) [a cacodemon]
 38101 | Spider:4 | Killed Asterion
 38403 | Spider:4 | Reached XP level 17. HP: 144/144 MP: 19/19
 38646 | Spider:4 | Got a gossamer rune of Zot
 38647 | Spider:4 | Slain by an emperor scorpion

Skill      XL: |  1  2  3  4  5  6  7  8  9 10 11 12 13 14 15 16 17 |
---------------+----------------------------------------------------+-----
Armour         | 4 5 7 10 12 13 | 13.4
Long Blades    | 3 4 5 6 8 9 11 13 14 | 14.0
Dodging        | 1 2 5 6 |  6.1
Shields        | 5 7 8 11 13 15 17 21 23 25 | 25.0
Invocations    | 4 5 |  5.0
Throwing       | 1 |  1.0
Fighting       | 5 7 9 10 11 | 11.6
Evocations     | 2 4 5 |  5.0
Stealth        | |  0.4

Action                   |  1- 3 |  4- 6 |  7- 9 | 10-12 | 13-15 | 16-18 || total
-------------------------+-------+-------+-------+-------+-------+-------++-------
Melee: Long sword        |    89 |   146 |   244 |       |       |       ||   479
       Headbutt          |     6 |    38 |    78 |   155 |   420 |   215 ||   912
       Scimitar          |       |       |   122 |   520 |  1281 |   617 ||  2540
Throw: Javelin           |       |       |     1 |    15 |       |       ||    16
       Tomahawk          |       |       |       |    10 |     3 |       ||    13
Invok: Heroism           |       |       |       |     1 |       |     1 ||     2
       Finesse           |       |       |       |     1 |       |     1 ||     2
 Abil: Stop Flying       |       |       |       |       |     2 |       ||     2
       Evoke Flight      |       |       |       |       |     1 |       ||     1
Evoke: Wand              |       |       |       |    11 |       |       ||    11
       Lamp of fire      |       |       |       |       |     3 |       ||     3
       Box of beasts     |       |       |       |       |     2 |       ||     2
       Fan of gales      |       |       |       |       |     1 |       ||     1
  Use: Scroll            |       |     2 |    18 |    10 |    15 |     7 ||    52
       Potion            |       |       |       |       |     2 |     3 ||     5
 Stab: Petrified         |       |       |       |       |     3 |       ||     3
  Eat: Chunk             |       |     6 |     8 |    18 |    22 |     5 ||    59
       Ration            |       |     1 |     3 |     5 |     5 |     5 ||    19
Armor: Scale mail        |    32 |    12 |       |       |       |       ||    44
       Chain mail        |       |    25 |   141 |   107 |   293 |   310 ||   876
       Plate armour      |       |       |       |    30 |       |       ||    30
Dodge: Dodged            |    25 |    30 |    49 |   129 |   324 |   239 ||   796
Block: Shield            |    45 |    55 |   133 |   244 |   677 |       ||  1154
       Large shield      |       |       |       |       |   372 |  1105 ||  1477
       Rpst.: Long sword |     6 |     8 |     8 |       |       |       ||    22
       Scimitar          |       |       |     1 |    32 |    60 |    46 ||   139
